Map: Dusk Towers

Players

FireCake

  • Race: Zerg Zerg
  • League: Diamond

PartinG - Winner!

  • Race: Protoss Protoss
  • League: Platinum

Event: DreamHack ROCCAT LotV Championship

VOD

Have the link to the VOD?

Description

Time

  • Played on: Nov. 28, 2015, 1:13 p.m.
  • Length: 9:08

All games in this series

Show
View Real Time Build Order
Export as new Build Order

FireCake Zerg 

Build Orders: Hatch First 

Get SALT Encoding   

  12  0:00  Drone  
  13  0:08  Drone  
  14  0:16  Overlord  
  14  0:22  Extractor  
  14  0:23  Drone  
  15  0:35  Drone x2  
  17  0:53  Hatchery  
  17  0:55  Drone  
  17  0:58  Drone  
  18  1:10  Extractor  
  17  1:12  Spawning Pool  
  17  1:15  Drone  
  17  1:18  Drone  
  18  1:26  Drone  
  19  1:37  Overlord  
  19  1:48  Drone  
  20  1:59  Queen, Zergling x2  
  23  2:04  Queen  
  23  2:05  Drone  
  26  2:09  Metabolic Boost  
  26  2:15  Drone  
  27  2:16  Drone  
  28  2:29  Hatchery  
  27  2:37  Drone x4  
  27  2:43  Overlord  
  31  2:50  Drone  
  32  2:54  Drone  
  33  3:00  Drone  
  34  3:06  Drone  
  34  3:10  Drone x4  
  39  3:15  Drone x3  
  42  3:23  Evolution Chamber  
  42  3:26  Overlord  
  40  3:34  Zergling x4  
  40  3:38  Extractor x2  
  40  3:40  Queen  
  42  3:44  Zergling x6  
  45  3:50  Zerg Melee Weapons Level 1  
  45  3:51  Spore Crawler  
  45  3:52  Drone, Spore Crawler  
  44  3:58  Drone x5  
  49  4:03  Drone  
  49  4:04  Drone x4  
  54  4:13  Spore Crawler  
  54  4:14  Drone  
  54  4:15  Drone x2  
  56  4:18  Spore Crawler  
  56  4:19  Spore Crawler  
  54  4:24  Queen  
  54  4:30  Drone x3  
  55  4:31  Roach Warren  
  55  4:32  Drone  
  55  4:37  Drone  
  55  4:38  Drone  
  57  4:42  Overlord x2  
  57  4:46  Overlord  
  57  4:49  Lair  
  57  4:56  Extractor  
  56  5:03  Queen  
  56  5:06  Drone x2  
  60  5:07  Drone  
  60  5:08  Hatchery  
  60  5:10  Drone  
  60  5:11  Drone x2  
  63  5:14  Drone x2  
  66  5:21  Drone  
  66  5:23  Overlord  
  66  5:24  Overlord  
  66  5:25  Overlord  
  65  5:41  Drone x2  
  67  5:43  Drone x6  
  67  5:44  Roach x4  
  67  5:48  Zerg Melee Weapons Level 2  
  81  5:54  Overlord  
  81  5:55  Drone x3  
  84  6:11  Spore Crawler  
  84  6:13  Roach x4  
  84  6:14  Zergling x2  
  84  6:15  Zergling x10  
  97  6:28  Hatchery  
  96  6:34  Overlord x4  
  96  6:43  Extractor  
  96  6:45  Spire, Extractor  
  96  6:46  Zergling x2  
  97  6:47  Zergling x18  
  99  7:02  Ravager x2  
  99  7:03  Ravager x6  
  99  7:05  Zergling x24  
  115  7:11  Zergling x4  
  117  7:22  Infestation Pit  
  117  7:23  Drone x2  
  117  7:24  Drone x4  
  117  7:25  Drone  
  117  7:27  Zergling x4  
  117  7:28  Overlord x3  
  117  7:29  Overlord  
  111  7:47  Zergling x2  
  111  7:48  Zergling x10  
  98  7:53  Zergling x18  
  106  8:05  Zergling x12  
  94  8:21  Zergling x18  
  96  8:28  Zergling x10  
  97  8:40  Zergling x14  
  98  8:48  Roach x2  
Show
View Real Time Build Order
Export as new Build Order

PartinG Protoss - Winner!

Build Orders: Nexus First, Oracle Opening 

Get SALT Encoding   

  12  0:00  Probe (Chrono Boost)  
  13  0:11  Probe (Chrono Boost)  
  14  0:19  Pylon  
  14  0:22  Probe (Chrono Boost)  
  15  0:38  Probe (Chrono Boost)  
  16  0:48  Probe (Chrono Boost)  
  17  0:57  Nexus  
  17  1:07  Gateway  
  17  1:10  Probe (Chrono Boost)  
  18  1:15  Assimilator  
  18  1:20  Probe (Chrono Boost)  
  18  1:24  Assimilator  
  19  1:31  Probe (Chrono Boost)  
  20  1:42  Probe (Chrono Boost)  
  21  1:52  Probe (Chrono Boost)  
  22  1:55  Cybernetics Core  
  22  1:58  Pylon  
  22  2:03  Probe (Chrono Boost)  
  23  2:09  Probe (Chrono Boost), Zealot  
  23  2:13  Probe (Chrono Boost)  
  27  2:20  Probe (Chrono Boost)  
  28  2:24  Probe (Chrono Boost)  
  29  2:30  Probe (Chrono Boost)  
  29  2:33  Stargate  
  29  2:34  Probe (Chrono Boost)  
  31  2:37  Adept  
  31  2:40  Warp Gate  
  31  2:43  Probe (Chrono Boost)  
  34  2:49  Mothership Core (Chrono Boost)  
  36  2:53  Probe (Chrono Boost)  
  37  3:02  Pylon  
  37  3:04  Probe (Chrono Boost)  
  38  3:06  Adept  
  38  3:07  Probe (Chrono Boost)  
  41  3:15  Probe (Chrono Boost)  
  41  3:17  Probe (Chrono Boost), Oracle (Chrono Boost)  
  46  3:25  Probe  
  46  3:29  Probe  
  48  3:34  Pylon  
  48  3:36  Probe  
  48  3:41  Probe, Forge  
  49  3:43  Pylon  
  50  3:49  Void Ray (Chrono Boost)  
  50  3:53  Pylon  
  50  3:55  Probe  
  54  3:56  Probe, Pylon  
  56  4:11  Nexus  
  56  4:12  Protoss Ground Weapons Level 1  
  56  4:14  Probe  
  56  4:16  Probe (Chrono Boost)  
  58  4:23  Photon Cannon  
  58  4:26  Probe (Chrono Boost)  
  58  4:28  Probe (Chrono Boost), Pylon  
  60  4:38  Probe (Chrono Boost)  
  61  4:39  Probe (Chrono Boost), Twilight Council  
  61  4:42  Assimilator  
  61  4:43  Assimilator  
  62  4:45  Robotics Facility  
  62  4:49  Probe (Chrono Boost)  
  62  4:50  Probe (Chrono Boost)  
  64  5:00  Probe x2 (Chrono Boost)  
  64  5:03  Sentry  
  68  5:11  Gateway  
  68  5:12  Gateway  
  68  5:14  Gateway  
  68  5:16  Probe x2 (Chrono Boost)  
  68  5:19  Gateway  
  68  5:21  Gateway  
  70  5:23  Probe (Chrono Boost)  
  70  5:26  Probe x2 (Chrono Boost)  
  73  5:30  Warp Prism  
  73  5:31  Resonating Glaives (Chrono Boost)  
  75  5:35  Sentry  
  75  5:37  Probe x2 (Chrono Boost)  
  75  5:38  Probe (Chrono Boost)  
  80  5:43  Pylon  
  80  5:47  Pylon  
  80  5:48  Probe x2  
  80  5:49  Probe, Protoss Ground Weapons Level 2  
  83  5:57  Gateway  
  83  5:58  Gateway  
  83  6:00  Probe  
  83  6:01  Probe x2  
  83  6:03  Assimilator  
  83  6:04  Observer  
  86  6:05  Sentry, Assimilator  
  86  6:09  Sentry  
  91  6:11  Adept  
  91  6:13  Adept  
  95  6:20  Adept x2  
  95  6:21  Probe x3  
  95  6:25  Pylon  
  102  6:28  Pylon  
  98  6:40  Adept x6  
  110  6:59  Sentry x2  
  114  7:02  Adept x6  
  114  7:03  Blink (Chrono Boost)  
  114  7:05  Pylon  
  114  7:06  Pylon  
  126  7:11  Nexus  
  126  7:27  Robotics Bay  
  126  7:33  Photon Cannon  
  126  7:35  Stalker x3, Photon Cannon  
  131  7:44  Stalker x2  
  131  7:45  Stalker x2  
  137  7:52  Stalker  
  139  8:00  Adept x3  
  143  8:08  Robotics Facility  
  143  8:10  Probe x3  
  144  8:15  Adept x3  
  134  8:30  Stalker x8  
  147  8:48  Assimilator  
  147  8:53  Assimilator  
  147  8:55  Stalker x5  
  151  9:04  Stalker  

Tags
 
Add a new tag
Caveats
  • Supply blocks, unpowered buildings, or Contaminate may cause inaccurate times.
  • Supply counts are checked every 10 seconds.